 Dungeon Crawl Stone Soup version 0.28.0-45-g0d030f2227 (webtiles) character file.

Game seed: 3884315683878061416

5960 Mesmaeker13 the Destroyer (level 10, -2/56 HPs)
             Began as an Octopode Conjurer on May 7, 2022.
             Was a Believer of Vehumet.
             Slain by a seven-headed hydra (9 damage)
             ... on level 2 of the Lair of Beasts.
             The game lasted 00:28:16 (14800 turns).

Mesmaeker13 the Destroyer (Octopode Conjurer)      Turns: 14800, Time: 00:28:16

Health: -2/56      AC:  2    Str: 12    XL:     10   Next: 84%
Magic:  8/21       EV: 13    Int: 25    God:    Vehumet [**....]
Gold:   512        SH:  0    Dex: 11    Spells: 9/23 levels left

rFire   . . .      SeeInvis .   i - staff of conjuration
rCold   . . .      Faith    .   (no shield)
rNeg    . . .      Spirit   .   v - +1 hat
rPois   .          Reflect  .   (no amulet)
rElec   .          Harm     .   m - ring of resist corrosion
rCorr   +          Rampage  .   b - ring of wizardry
Will    .....                   y - +6 ring of strength
Stlth   +++.......              (no ring)
HPRegen 0.18/turn               (no ring)
MPRegen 0.17/turn               (no ring)
                                (no ring)
                                (no ring)

@: about to teleport
A: almost no armour, amphibious, 8 rings, camouflage 1, gelatinous body 1,
(nimble swimmer 1), tentacles
a: Renounce Religion


You were on level 2 of the Lair of Beasts.
You worshipped Vehumet.
Vehumet was pleased with you.
You visited 3 branches of the dungeon, and saw 13 of its levels.

You collected 551 gold pieces.
You spent 39 gold pieces at shops.

Inventory:

Hand Weapons
 n - a +1 falchion of flaming
 r - the +6 mace "Laseace" {spect, rF+ Int-4 Dex+7 Stlth+}
   (You found it on level 4 of the Dungeon)

   When its wielder attacks, the weapon's spirit leaps out and strikes again.
   The spirit shares a part of any damage it takes with its wielder.
   Int:       It affects your intelligence (-4).
   Dex:       It affects your dexterity (+7).
   rF:        It protects you from fire.
   Stlth:     It makes you more stealthy.
Missiles
 z - 2 curare-tipped darts (quivered)
Armour
 v - a +1 hat (worn)
 C - a +0 kite shield
Magical Staves
 i - a staff of conjuration (weapon)
Jewellery
 b - a ring of wizardry (right tentacle)
 m - a ring of resist corrosion (left tentacle)
 y - a +6 ring of strength (on tentacle)
Wands
 o - a wand of flame (8)
 u - a wand of charming (2)
 E - a wand of polymorph (3)
Scrolls
 a - 3 scrolls of amnesia
 g - a scroll of noise
 j - a scroll of immolation
 k - 2 scrolls of fear
 q - 2 scrolls of teleportation
 s - a scroll of enchant weapon
 B - 2 scrolls of enchant armour
 G - a scroll of magic mapping
Potions
 c - a potion of attraction {unknown}
 d - 3 potions of curing
 e - 2 potions of degeneration {unknown}
 f - 4 potions of haste
 l - 2 potions of heal wounds {unknown}
 t - a potion of flight {unknown}
 w - 2 potions of brilliance
 x - a potion of lignification {unknown}
 A - a potion of resistance {unknown}
 D - a potion of might {unknown}
 F - a potion of cancellation {unknown}
 H - a potion of mutation {unknown}


   Skills:
 - Level 3.3 Dodging
 - Level 2.6 Stealth
 + Level 3.7 Shields
 - Level 7.4 Spellcasting
 + Level 9.8 Conjurations
 + Level 8.4 Hexes
 + Level 4.1 Necromancy


You had 9 spell levels left.
You knew the following spells:

 Your Spells              Type           Power      Damage    Failure   Level
a - Magic Dart            Conj           100%       1d8       1%          1
b - Searing Ray           Conj           100%       2d8       1%          2
c - Fulminant Prism       Conj/Hex       35%        3d18      1%          4
d - Animate Dead          Necr           15%        N/A       4%          4
e - Dazzling Flash        Conj/Hex       100%       N/A       1%          3

Your spell library contained the following spells:

 Spells                   Type           Power      Damage    Failure   Level
 Static Discharge         Conj/Air       50%        N/A       1%          2
 Foxfire                  Conj/Fire      100%       2x1d9     1%          1
 Conjure Flame            Conj/Fire      50%        6-21      1%          3
 Inner Flame              Hex/Fire       30%        N/A       1%          3
 Portal Projectile        Hex/Tloc       60%        N/A       1%          3
 Flame Wave               Conj/Fire      50%        2d10      3%          4
 Iskenderun's Mystic Bla  Conj/Tloc      50%        2d11      3%          4
 Sticky Flame             Conj/Fire      50%        2d7       3%          4
 Leda's Liquefaction      Hex/Erth       15%        N/A       4%          4
 Call Canine Familiar     Summ           9%         N/A       8%          3
 Ignite Poison            Fire/Tmut/Pois 9%         N/A       8%          3
 Summon Forest            Summ/Tloc      4%         N/A       54%         5
 Eringya's Noxious Bog    Tmut/Pois      4%         N/A       98%         6
 Haunt                    Necr/Summ      9%         N/A       100%        7
 Summon Hydra             Summ           4%         N/A       100%        7
 Infestation              Necr           15%        N/A       100%        8


Dungeon Overview and Level Annotations

Branches:
Dungeon (10/15)            Temple (1/1) D:6            Lair (2/6) D:8
  Swamp: Lair:2-4    Shoals: Lair:2-4     Snake: Lair:2-4    Spider: Lair:2-4
    Orc: D:9-12

Altars:
Ashenzari
Cheibriados
Dithmenos
Elyvilon
Fedhas
Gozag
Hepliaklqana
Kikubaaqudgha
Makhleb
Nemelex Xobeh
Okawaru
Qazlal
Ru
Sif Muna
Trog
Uskayaw
Vehumet
Wu Jian
Xom
Yredelemnul
Zin
The Shining One

Shops:
D:4 !*(   D:6 (

Annotations:
D:5 exclusions: 2 doors and 1 more exclusion
D:9 2 transporters, dragonscale333's ghost, journeyman DjFE
Lair:1 2 transporters


Innate Abilities, Weirdness & Mutations

You cannot wear most types of armour.
You are amphibious.
You can wear up to eight rings at the same time.
Your skin changes colour to match your surroundings (Stealth+).
Your rubbery body absorbs attacks. (AC +1, EV +1)
((You are camouflaged when in or above water. (Stealth+)))
You have tentacles for arms and can constrict up to eight enemies at once.


Message History

The blast of energy engulfs the seven-headed hydra!!
The seven-headed hydra is heavily wounded.
You hear an angry hiss.
Unknown command.
Casting: Fulminant Prism (dangerous; 1% risk of failure)
Confirm with . or Enter, or press ? or * to list all spells.
Aiming: Fulminant Prism (dangerous; 1% risk of failure)
Press: ? - help, Dir - move target You feel a surge of power!
You conjure a prism of explosive energy!
A fulminant prism comes into view.
A wyvern comes into view.
Your fulminant prism crackles loudly.
Your fulminant prism explodes!
The blast of energy engulfs the wolf!
The wolf is severely wounded.
The blast of energy engulfs the seven-headed hydra!!
The seven-headed hydra is moderately wounded.
The wolf misses you.
You hear an angry hiss.
You hear a howl!
You hear an angry hiss.
You hear a loud, deep croak!
You hear an angry hiss.
The wolf bites you!
Casting: Fulminant Prism (dangerous; 1% risk of failure)
Confirm with . or Enter, or press ? or * to list all spells.
Casting: Dazzling Flash (safe; 1% risk of failure)
Press: ? - help, Dir - look around, f - activate You feel a surge of power!
The seven-headed hydra is dazzled.
The wolf misses you. The seven-headed hydra bites you! x3
The seven-headed hydra bites you. x2
* * * LOW HITPOINT WARNING * * *
The seven-headed hydra barely misses you.
The seven-headed hydra misses you. The wolf bites you!
* * * LOW HITPOINT WARNING * * *
Unknown command.
Found 18 gold pieces.
As you read the scroll of teleportation, it crumbles to dust.
You feel strangely unstable.
The seven-headed hydra bites you but does no damage.
The seven-headed hydra misses you. The seven-headed hydra bites you!
You die...

### .
###...############.###..
.......@Dh..............
....#..$#.......#.......
......#.#.l.............
....#.#.#.......#$......
... . #...D.....#.......
.. ........l....#.......
. #.....P........†......
#............<........
.....#.....#.........


You could see a seven-headed hydra (blind), a wyvern and a wolf.

Vanquished Creatures
  A black mamba (Lair:1)
  A troll (D:9)
  A hornet (D:9)
  Grinder (D:5)
  A wyvern (D:8)
  Sigmund (D:6)
  A basilisk (Lair:1)
  5 yaks (Lair:1)
  A steam dragon (D:7)
  An acid dragon (D:7)
  6 water moccasins
  2 orc warriors
  2 sky beasts
  A black bear (D:4)
  An ice beast (D:4)
  A hornet zombie (D:7)
  4 wolves (Lair:1)
  2 necrophages
  An ogre (D:5)
  2 phantoms
  2 centaurs
  4 kobold brigands
  2 bullfrogs
  3 scorpions
  A water moccasin zombie (D:5)
  A water moccasin skeleton (D:6)
  A howler monkey (D:5)
  An electric eel (D:6)
  3 centaur zombies
  3 hounds
  3 orc priests
  A gnoll shaman (D:8)
  3 iguanas
  3 orc wizards
  A hound zombie (D:5)
  A hound skeleton (D:4)
  A howler monkey zombie (D:6)
  2 howler monkey skeletons (D:6)
  4 gnolls
  11 adders
  2 shadow imps
  2 white imps
  5 dart slugs
  18 orcs
  4 ball pythons
  7 bats
  5 endoplasms
  4 giant cockroaches
  4 goblins
  2 hobgoblins
  3 jackals (D:1)
  3 quokkas (D:1)
  2 frilled lizards
  22 kobolds
  7 rats
177 creatures vanquished.

Vanquished Creatures (collateral kills)
  A kobold (D:8)
1 creature vanquished.

Vanquished Creatures (others)
  2 demonic plants (D:2)
  31 fulminant prisms
  4 fungi
  4 plants
  A withered plant (D:2)
42 creatures vanquished.

Grand Total: 220 creatures vanquished

Notes
Turn   | Place    | Note
-------+----------+-------------------------------------------
     0 | D:1      | Mesmaeker13 the Octopode Conjurer began the quest for the
                  | Orb.
     0 | D:1      | Reached XP level 1. HP: 11/11 MP: 3/3
   269 | D:1      | Reached XP level 2. HP: 17/17 MP: 3/5
   762 | D:1      | Reached XP level 3. HP: 21/21 MP: 2/6
  1261 | D:2      | Learned a level 2 spell: Searing Ray
  1407 | D:2      | Reached XP level 4. HP: 27/27 MP: 6/8
  1453 | D:2      | Found a faded altar of an unknown god.
  2084 | D:3      | Found a sacrificial altar of Ru.
  2775 | D:3      | Reached XP level 5. HP: 31/31 MP: 4/9
  3010 | D:3      | Learned a level 4 spell: Fulminant Prism
  3245 | D:4      | Noticed a black bear
  3325 | D:4      | Found a white marble altar of Elyvilon.
  3397 | D:4      | Noticed an ice beast
  3412 | D:4      | Killed an ice beast
  3413 | D:4      | Reached skill level 5 in Conjurations
  3413 | D:4      | Reached skill level 1 in Hexes
  3413 | D:4      | Reached XP level 6. HP: 11/36 MP: 1/11
  3623 | D:4      | Found Wypho's Distillery.
  3652 | D:4      | Bought a potion of curing for 39 gold pieces
  3848 | D:4      | Identified the +6 mace "Laseace" {spect, rF+ Int-4 Dex+7
                  | Stlth+}
  3859 | D:5      | Entered Level 5 of the Dungeon
  3889 | D:4      | Found Qoeri's Weapon Emporium.
  4248 | D:5      | Found a blossoming altar of Fedhas.
  4505 | D:5      | Noticed a sky beast
  4613 | D:5      | Reached XP level 7. HP: 41/41 MP: 8/13
  4694 | D:5      | Noticed Grinder
  4799 | D:5      | Reached skill level 6 in Conjurations
  5553 | D:6      | Reached skill level 5 in Spellcasting
  5553 | D:6      | Reached XP level 8. HP: 46/46 MP: 10/15
  5683 | D:6      | Found Ephintua's Antique Weapon Emporium.
  6020 | D:6      | Found a staircase to the Ecumenical Temple.
  6024 | Temple   | Entered the Ecumenical Temple
  6074 | Temple   | Became a worshipper of Vehumet
  6214 | D:6      | Found an ancient bone altar of Kikubaaqudgha.
  6552 | D:6      | Noticed Sigmund
  6598 | D:6      | Killed Sigmund
  6599 | D:6      | Reached skill level 7 in Conjurations
  6865 | D:7      | Reached skill level 5 in Hexes
  7164 | D:7      | Reached XP level 9. HP: 51/51 MP: 12/18
  8534 | D:8      | Reached skill level 8 in Conjurations
  9171 | D:8      | Found a staircase to the Lair.
  9268 | D:8      | Reached * piety under Vehumet
  9268 | D:8      | Offered knowledge of Freeze by Vehumet.
  9728 | D:8      | Found an iron altar of Okawaru.
  9730 | D:8      | Found a sparkling altar of Nemelex Xobeh.
 10088 | D:5      | Paralysed by Grinder for 5 turns
 10098 | D:5      | Killed Grinder
 10328 | D:4      | Found Iceceboe's CLEARANCE SALE!.
 10350 | D:4      | Found a hide-covered altar of Uskayaw.
 10350 | D:4      | Noticed a +0 dagger
 10350 | D:4      | Noticed a +0 short sword
 10351 | D:4      | Noticed a +0 falchion
 10351 | D:4      | Noticed a +0 spear
 10352 | D:4      | Noticed a +0 dagger
 10353 | D:4      | Noticed a +0 spear
 10353 | D:4      | Noticed a +0 short sword
 10354 | D:4      | Noticed a +0 falchion
 11188 | D:9      | Found a shadowy altar of Dithmenos.
 11254 | D:9      | Found a stormy altar of Qazlal.
 11274 | D:9      | Learned a level 4 spell: Animate Dead
 11281 | D:9      | Found a transporter.
 11350 | D:9      | Found a transporter.
 11354 | D:9      | Noticed dragonscale333's ghost (journeyman DjFE)
 11424 | D:9      | Reached skill level 1 in Necromancy
 11424 | D:9      | Reached XP level 10. HP: 42/56 MP: 14/21
 11480 | D:9      | Reached skill level 9 in Conjurations
 11753 | D:9      | Reached skill level 1 in Shields
 11838 | D:9      | Offered knowledge of Static Discharge by Vehumet.
 11842 | D:9      | Reached ** piety under Vehumet
 12477 | D:10     | Entered Level 10 of the Dungeon
 12477 | D:10     | Found a burning altar of Makhleb.
 12732 | D:10     | Noticed a tengu warrior
 12733 | D:10     | Noticed a tengu warrior
 12837 | Lair:1   | Entered Level 1 of the Lair of Beasts
 12932 | Lair:1   | Learned a level 3 spell: Dazzling Flash
 13163 | Lair:1   | Found a transporter.
 13363 | Lair:1   | Noticed a black mamba
 13487 | Lair:1   | Killed a black mamba
 14219 | Lair:1   | Found a transporter.
 14781 | Lair:2   | Noticed a seven-headed hydra
 14786 | Lair:2   | Noticed a seven-headed hydra
 14800 | Lair:2   | Slain by a seven-headed hydra

Illustrated notes

Levels and vault maps discovered:
D:1:      amcnicky_arrival_wind_blow, layout_basic
D:2:      layout_basic, shapermc_ecumenical_altar_gd
D:3:      layout_loops_ring, nicolae_ru_the_path_less_chosen
D:4:      layout_layer_cave, nicolae_uskayaw_en_pointe,
          mainiacjoe_overflow_brackets, serial_shops, shop_coins,
          minmay_shop_grid_forest, nicolae_shop_clearance
D:5:      layout_basic, kennysheep_little_box, serial_rivers,
          chequers_serial_rivers_room_b, chequers_serial_rivers_large_a,
          chequers_serial_rivers_micro_d, chequers_serial_rivers_small_b,
          chequers_serial_rivers_small_3, kennysheep_generic_room_6,
          uniq_grinder
D:6:      layout_loops_ring, mainiacjoe_overflow_alcove_4, temple_statues,
          serial_shops, shop, kennysheep_flooded_box, chequers_jeans,
          uniq_sigmund
D:7:      layout_basic
D:8:      nicolae_cairo_tiling_large_dashed, layout_basic,
          nicolae_overflow_hidden_temple
D:9:      layout_irregular_city, grunt_dithmenos_smoke_and_mirrors,
          nicolae_qazlal_general_emergency, gammafunk_ghost_stat_death,
          st_stairs_10, hangedman_abyss_or_decor_clamps,
          hangedman_decor_growths, serial_bayou_pond_a, minmay_misc_feat_tiny
D:10:     layout_irregular_city, mainiacjoe_overflow_boulevard, kennysheep_boxes
Temple:   minmay_temple_bridge_abc
Lair:1:   gammafunk_worm_tunnel, layout_long_grid
Lair:2:   layout_long_grid, minmay_swamp_entry_worms,
          nicolae_quartered_pool_impasse, st_stairs_6, serial_bayou_shore_a

Skill      XL: |  1  2  3  4  5  6  7  8  9 10 |
---------------+-------------------------------+-----
Dodging        | 3 |  3.3
Spellcasting   | 3 4 5 6 7 |  7.4
Conjurations   | 5 6 7 8 9 |  9.8
Hexes          | 1 2 4 5 7 8 |  8.4
Necromancy     | 1 4 |  4.1
Shields        | 3 |  3.7
Stealth        | |  2.6

Action                   |  1- 3 |  4- 6 |  7- 9 | 10-12 || total
-------------------------+-------+-------+-------+-------++-------
Melee: Dagger            |     2 |       |       |       ||     2
       Constrict         |     1 |     1 |     4 |       ||     6
       Tentacles         |     1 |       |     4 |       ||     5
       Staff             |       |     3 |     8 |       ||    11
       Mace              |       |       |     4 |       ||     4
Throw: Dart              |       |       |       |     1 ||     1
 Cast: Magic Dart        |    58 |    61 |    84 |    30 ||   233
       Searing Ray       |     1 |    11 |    36 |    15 ||    63
       Fulminant Prism   |       |     1 |    11 |    19 ||    31
       Dazzling Flash    |       |       |       |     4 ||     4
Evoke: Wand              |       |     4 |    21 |     3 ||    28
  Use: Scroll            |       |     1 |     8 |     5 ||    14
       Potion            |       |       |     1 |     3 ||     4
Armor: Skin              |       |     1 |     9 |     4 ||    14
Dodge: Dodged            |     3 |    11 |    46 |    36 ||    96
